[Event "January 9 Early 2024"]
[Site "https://www.chess.com"]
[Date "2024.01.11"]
[Round "1"]
[White "Salman, Ilhan Serhat"]
[Black "Santos Latasa, Jaime"]
[Result "1/2-1/2"]
[Board "320"]
[TimeControl "180+1"]
[WhiteFideId "6361579"]
[BlackFideId "2293307"]
[WhiteElo "2503"]
[BlackElo "2918"]
[WhiteTeam "TUR"]
[BlackTeam "ESP"]
[WhiteClock "0:00:20"]
[BlackClock "0:00:21"]

1. d4 Nf6 2. Bg5 e6 3. Nf3 c5 4. e3 h6 5. Bh4 d5 6. c4 cxd4 7. Nxd4 Bb4+ 8. Nd2 O-O 9. a3 Be7 10. Be2 Nc6 11. N4f3 b6 12. O-O Bb7 13. Rc1 g5 14. Bg3 Nh5 15. cxd5 Qxd5 16. Bc4 Qf5 17. Qc2 Nxg3 18. hxg3 Qxc2 19. Rxc2 g4 20. Ne1 Ne5 21. Nd3 Nxc4 22. Nxc4 Rac8 23. Nde5 b5 24. Rd2 bxc4 25. Rd7 Bf6 26. Nxg4 Bxb2 27. Rxb7 c3 28. Nf6+ Kg7 29. Ne4 Rb8 30. Rxa7 c2 31. Nc5 Rfc8 32. Nd3 Rb3 33. Rd7 Bxa3 34. g4 Rxd3 35. Rxd3 c1=Q 36. Rxc1 Bxc1 37. g3 Bb2 38. Rd2 Bf6 39. Kg2 Rc3 40. Ra2 Kg6 41. Kf3 Rc4 42. Re2 Kg5 43. Ra2 Rc7 44. Ra5+ Kg6 45. Ra2 Bc3 46. Rc2 Ba5 47. Ra2 Rc5 48. Rb2 Bc7 49. Ra2 Be5 50. Rd2 Kg5 51. Rd7 Rc7 52. Rd2 Rc4 53. Rd7 Kg6 54. Rd2 f6 55. Ra2 Rb4 56. Rc2 Rb2 57. Rc6 Kf7 58. Ra6 Bc3 59. Ra7+ Kg6 60. Ra6 Be1 61. Rxe6 Rxf2+ 62. Ke4 Rf1 63. Re8 Bxg3 64. Rg8+ Kf7 65. Rh8 Kg7 66. Ra8 Bh4 67. Ra7+ Kg6 68. Ra6 Bg5 69. Ra3 Re1 70. Kf3 Rd1 71. Rb3 Rc1 72. Ra3 Rc4 73. Rd3 Kf7 74. Rb3 Ke6 75. Rb6+ Kd5 76. Rb5+ Rc5 77. Rb3 Kc4 78. Ra3 Rb5 79. Ra4+ Rb4 80. Ra3 Rb3 81. Ra4+ Kd5 82. Rd4+ Kc5 83. Re4 Rc3 84. Re8 Kd6 85. Re4 Rc5 86. Rd4+ Rd5 87. Ra4 Re5 88. Ra3 Ke6 89. Rb3 f5 90. Rb6+ Kf7 91. gxf5 Rxf5+ 92. Ke4 Rf6 93. Rxf6+ Kxf6 94. Kf3 Kf5 95. Kg2 Kg4 96. Kh1 Kf3 97. e4 Be7 98. e5 h5 99. e6 h4 100. Kh2 1/2-1/2

[Event "January 9 Early 2024"]
[Site "https://www.chess.com"]
[Date "2024.01.11"]
[Round "1"]
[White "Murthy, Pappu"]
[Black "Haraguchi, Diego Sashaki"]
[Result "0-1"]
[Board "321"]
[TimeControl "180+1"]
[WhiteFideId "2013401"]
[BlackFideId "22729925"]
[WhiteElo "1893"]
[BlackElo "2540"]
[WhiteTeam "USA"]
[BlackTeam "BRA"]
[WhiteClock "0:00:10"]
[BlackClock "0:00:12"]

1. e4 e6 2. d4 c5 3. Nf3 cxd4 4. Nxd4 Nc6 5. Nc3 Nf6 6. Ndb5 Bb4 7. a3 Bxc3+ 8. Nxc3 d5 9. exd5 exd5 10. Bd3 O-O 11. O-O d4 12. Ne4 Re8 13. Bg5 Ne5 14. Nxf6+ gxf6 15. Bh4 Ng6 16. Qh5 Re5 17. Qh6 Bg4 18. Bg3 Re8 19. Rfe1 Qd5 20. h3 Bf5 21. Bxf5 Qxf5 22. Qd2 Qd5 23. Rad1 Rxe1+ 24. Rxe1 Kg7 25. Rd1 Rd8 26. f3 a5 27. Bf2 d3 28. Qxd3 Qxd3 29. Rxd3 Rc8 30. c3 Ne5 31. Rd2 Nc4 32. Re2 Rd8 33. Bd4 Kg6 34. Kf2 Rd5 35. g4 Rb5 36. b4 Nxa3 37. bxa5 Nc4 38. Ra2 Nxa5 39. f4 f5 40. Kg3 f6 41. Kf3 Rd5 42. Rg2 Nc6 43. Rd2 fxg4+ 44. hxg4 f5 45. g5 b5 46. Ke3 Rd7 47. Rh2 Re7+ 48. Kd3 Nxd4 49. cxd4 Re4 50. Rh6+ Kg7 51. Rb6 Rxf4 52. Rxb5 Kg6 53. Ke3 Re4+ 54. Kf3 Kxg5 55. Rd5 h5 56. Rd8 Re1 57. d5 Rf1+ 58. Kg3 h4+ 59. Kg2 Rd1 60. d6 Kg4 61. Rg8+ Kf4 62. Rd8 Rd3 63. d7 h3+ 64. Kh2 Kf3 65. Rf8 Rxd7 66. Rxf5+ Kg4 67. Rf2 Rd3 68. Rc2 Rb3 69. Rd2 Kf3 70. Rc2 Rb4 71. Kxh3 Rb5 72. Kh2 Re5 73. Rg2 Rh5+ 74. Kg1 Ra5 75. Kh2 Ra1 76. Rg3+ Kf4 77. Rg2 Ra3 78. Kg1 Kf3 79. Kh2 Ra4 80. Rg3+ Kf2 81. Rg2+ Kf1 82. Rg3 Rh4+ 83. Rh3 Rf4 84. Kg3 Rf7 85. Rh1+ Ke2 86. Rh2+ Ke3 87. Rh3 Rg7+ 88. Kh2+ Kf4 89. Ra3 Rh7+ 90. Kg2 Rg7+ 91. Kf2 Rd7 92. Ra4+ Kf5 93. Ra5+ Ke4 94. Ra4+ Kd3 95. Ra6 Rf7+ 96. Rf6 Rxf6+ 97. Ke1 Rf3 98. Kd1 Rf1# 0-1

[Event "January 9 Early 2024"]
[Site "https://www.chess.com"]
[Date "2024.01.11"]
[Round "1"]
[White "Darmanin, Jake"]
[Black "Munoz, Francisco Javier"]
[Result "1/2-1/2"]
[Board "322"]
[TimeControl "180+1"]
[WhiteFideId "5601061"]
[BlackFideId "128368"]
[WhiteElo "2322"]
[BlackElo "2642"]
[WhiteTeam "MLT"]
[BlackTeam "ARG"]
[WhiteClock "0:00:03"]
[BlackClock "0:00:22"]

1. e4 e5 2. Nf3 Nc6 3. Bb5 a6 4. Ba4 Nge7 5. c3 g6 6. O-O Bg7 7. d4 exd4 8. cxd4 O-O 9. d5 b5 10. Bc2 Nb4 11. Bb3 a5 12. a3 Na6 13. Nc3 a4 14. Ba2 Nc5 15. Nxb5 Ba6 16. Bc4 d6 17. Re1 Qd7 18. Qe2 Rfe8 19. Nbd4 Bxc4 20. Qxc4 Nc8 21. e5 Nb6 22. Qb5 dxe5 23. Qxd7 Ncxd7 24. Nb5 Nxd5 25. Rd1 c6 26. Nc7 Nxc7 27. Rxd7 Nd5 28. Rd6 e4 29. Ne1 Ra6 30. Rb1 Rb6 31. Nc2 Be5 32. Rd7 Nc3 33. Ra1 Ne2+ 34. Kf1 Nxc1 35. Rxc1 Rxb2 36. Ne3 Ra2 37. Rxc6 Rb8 38. g3 Rbb2 39. Ng4 Rb1+ 40. Kg2 Ba1 41. Rc8+ Kg7 42. Rcc7 g5 43. Rxf7+ Kg6 44. Rxh7 e3 45. Rh6+ Kf5 46. Rf7+ Ke4 47. Nxe3 Bd4 48. Re6+ Kd3 49. Rd7 Rbb2 50. Red6 Rxf2+ 51. Kh3 Kxe3 52. Rxd4 Rxh2+ 53. Kg4 Rxa3 54. R4d6 Re2 55. Kxg5 Kf2 56. g4 Rg3 57. Rf6+ Kg2 58. Kf4 a3 59. Rd4 a2 60. Ra4 Rf3+ 61. Kg5 Rb3 62. Rfa6 Rbb2 63. Kf4 Rf2+ 64. Kg5 Kf1 65. Kh6 Ke1 66. g5 Rh2+ 67. Kg7 Kd1 68. g6 Kc1 69. Kf7 Kb1 70. g7 Rhg2 71. g8=Q Rbf2+ 72. Ke6 Rxg8 73. Rb4+ Rb2 74. Rba4 Rg5 75. Kf6 Rc5 76. Ke6 Rcc2 77. Kd5 Kc1 78. Kd4 Kd2 79. Ke4 Kc1 80. Kd3 Rd2+ 81. Ke3 Rbc2 82. R4a5 Kb1 83. Ra4 Rb2 84. R4a5 Rh2 85. Kf3 Rb3+ 86. Kg4 Rc2 87. Kf4 Rcb2 88. Ke4 Rb4+ 89. Kd3 R4b3+ 90. Kc4 Rc2+ 91. Kd4 Rb4+ 92. Kd3 Rcb2 93. Kc3 R2b3+ 94. Kd2 Rb2+ 95. Kc3 Rb5 96. Rxa2 Rc5+ 97. Kd4 Rxa2 98. Rxa2 Rc1 99. Ra3 Kb2 100. Rd3 Kc2 101. Rc3+ Kd2 102. Rxc1 Kxc1 1/2-1/2

[Event "January 9 Early 2024"]
[Site "https://www.chess.com"]
[Date "2024.01.11"]
[Round "1"]
[White "Terziev, Dimo"]
[Black "Laddha, Shubh Jayesh"]
[Result "0-1"]
[Board "323"]
[TimeControl "180+1"]
[WhiteFideId "2925397"]
[BlackFideId "30942799"]
[WhiteElo "2146"]
[BlackElo "2563"]
[WhiteTeam "BUL"]
[BlackTeam "USA"]
[WhiteClock "0:00:08"]
[BlackClock "0:00:23"]

1. e4 c5 2. Nf3 d6 3. d4 cxd4 4. Qxd4 Nc6 5. Qe3 Nf6 6. c4 g6 7. Nc3 Bg7 8. Be2 O-O 9. h3 Be6 10. Rb1 Rc8 11. O-O a6 12. b3 Qa5 13. Bb2 Rfd8 14. Rfd1 Rb8 15. Nd5 Qxa2 16. Nxf6+ exf6 17. Nd4 Qa5 18. Bc3 Qc7 19. Rd2 Nxd4 20. Bxd4 b5 21. cxb5 axb5 22. Rbd1 Qa5 23. Ba7 Rb7 24. Bc5 Rc8 25. Bxd6 h5 26. b4 Qa6 27. Bc5 Qc6 28. Rd6 Qe8 29. Qd2 Rbb8 30. Qe3 f5 31. exf5 Bxf5 32. Qxe8+ Rxe8 33. Bf3 Be5 34. R6d5 Bf4 35. R5d4 Bh6 36. Bc6 Re2 37. Rd8+ Rxd8 38. Rxd8+ Kh7 39. Bd4 Bg7 40. Bxg7 Kxg7 41. Bxb5 Rb2 42. Bc4 Rxb4 43. Be2 Rb1+ 44. Kh2 Rb2 45. Re8 Be6 46. Bf3 Rxf2 47. Rb8 Rd2 48. Rb6 Kf6 49. Ra6 Ke5 50. Ra5+ Bd5 51. Bxd5 Rxd5 52. Ra7 Kf6 53. Ra6+ Kg7 54. Ra7 Rf5 55. Ra6 Rf6 56. Ra7 Re6 57. Ra5 Kf6 58. Ra7 Re7 59. Ra6+ Kg5 60. Ra5+ f5 61. Ra6 h4 62. Ra4 Re2 63. Ra5 Kf6 64. Ra6+ Kg7 65. Ra7+ Kh6 66. Ra4 g5 67. Ra6+ Kh5 68. Ra5 f4 69. Ra3 Kg6 70. Ra6+ Kf5 71. Ra5+ Re5 72. Ra3 Ke4 73. Ra4+ Ke3 74. Ra3+ Kf2 75. Ra2+ Kf1 76. Ra1+ Re1 77. Ra3 Re2 78. Ra1+ Kf2 79. Ra3 Re5 80. Rf3+ Ke2 81. Ra3 Kd2 82. Ra2+ Kd3 83. Ra3+ Ke4 84. Ra4+ Kf5 85. Ra3 Re3 86. Ra5+ Kf6 87. Ra6+ Re6 88. Ra3 Re3 89. Ra6+ Ke7 90. Ra7+ Kd6 91. Ra6+ Kc7 92. Rg6 Rg3 93. Rf6 Kd7 94. Rf7+ Ke6 95. Rf8 Ke5 96. Re8+ Kd4 97. Rd8+ Ke3 98. Re8+ Kf2 99. Rf8 Rxg2+ 100. Kh1 Rg1+ 101. Kh2 Rg2+ 102. Kh1 Kg3 103. Rxf4 Rh2+ 104. Kg1 gxf4 105. Kf1 f3 0-1

[Event "January 9 Early 2024"]
[Site "https://www.chess.com"]
[Date "2024.01.11"]
[Round "1"]
[White "Bryakin, Mikhail"]
[Black "Pourkashiyan, Atousa"]
[Result "1/2-1/2"]
[Board "324"]
[TimeControl "180+1"]
[WhiteFideId "4165314"]
[BlackFideId "12502014"]
[WhiteElo "2864"]
[BlackElo "2483"]
[WhiteTeam "SRB"]
[BlackTeam "USA"]
[WhiteClock "0:00:03"]
[BlackClock "0:00:08"]

1. e4 c5 2. d4 cxd4 3. Qxd4 Nc6 4. Qd3 Nf6 5. Nc3 g6 6. Nf3 Bg7 7. Be2 d6 8. O-O O-O 9. Nd5 Bg4 10. c3 Rc8 11. Bg5 Bxf3 12. Qxf3 Nxd5 13. exd5 Ne5 14. Qh3 Re8 15. b3 Qd7 16. Qg3 Qf5 17. c4 Qc2 18. Rfe1 Nd7 19. Bd3 Qb2 20. Rab1 Qxa2 21. Bxe7 Be5 22. Rxe5 Nxe5 23. Bxd6 Nxd3 24. Qxd3 Re2 25. Bg3 b5 26. h4 bxc4 27. bxc4 Qxc4 28. Qf3 Qe4 29. Qb3 Rd8 30. d6 a5 31. Qb6 Rd7 32. Kh2 a4 33. Ra1 Qc4 34. Qa5 Re4 35. Qg5 h5 36. Rb1 Re8 37. Qf6 a3 38. Bf4 Qe6 39. Qd4 a2 40. Ra1 f6 41. Qa4 Qg4 42. Qxa2+ Kh7 43. Bg3 Qe6 44. Qd2 Red8 45. Ra6 Kg7 46. Qd4 Kh7 47. Bf4 Qf5 48. g3 Qe6 49. Rb6 Qf5 50. Qb4 Qe6 51. Rb7 Qf5 52. Rc7 Qe6 53. Qc5 Kg7 54. Qc3 Kf7 55. Qa5 Kg7 56. Qb6 Kf7 57. Qa7 Kg7 58. Qb7 Kh7 59. Qc6 Kg7 60. Rc8 Kf7 61. Qc1 Rxc8 62. Qxc8 Rxd6 63. Qh8 Rd7 64. Qh7+ Ke8 65. Qxg6+ Qf7 66. Qf5 Kf8 67. Qc5+ Kg8 68. Qb5 Rd8 69. Qf5 Re8 70. Qc5 Qg6 71. Qc6 Kh7 72. Qd7+ Kg8 73. Qd5+ Qf7 74. Qf5 Rd8 75. Qc2 Re8 76. Qc1 Rd8 77. Be3 Re8 78. Qc5 Qg6 79. Qc6 Kh7 80. Qd6 Kg8 81. Qf4 Rf8 82. Qc7 Rf7 83. Qc4 Kh7 84. Bd4 Kg7 85. Qc3 Qe4 86. Be3 Qg4 87. Qb2 Qf5 88. Qb4 Qg4 89. Qb6 Qg6 90. Qd8 Qf5 91. Qe8 Qg6 92. Qc8 Qg4 93. Qc5 Qg6 94. Bd4 Qg4 95. Bc3 Qg6 96. Qd4 Qg4 97. Qe3 Qf5 98. Bd2 Qg6 99. Qf4 Kh7 100. Qb8 Kg7 101. Be3 Kh7 102. Kg1 Kg7 103. Qd8 Kh7 104. Bc5 Kg7 105. Bd6 Qf5 106. Be7 Qb1+ 107. Kh2 Qf5 108. Kg1 Qb1+ 109. Kh2 Qf5 110. Kg1 1/2-1/2

[Event "January 9 Early 2024"]
[Site "https://www.chess.com"]
[Date "2024.01.11"]
[Round "1"]
[White "Santiago, Yago De Moura"]
[Black "Hungaski, Robert"]
[Result "1-0"]
[Board "325"]
[TimeControl "180+1"]
[WhiteFideId "2103877"]
[BlackFideId "2021030"]
[WhiteElo "2813"]
[BlackElo "2442"]
[WhiteTeam "BRA"]
[BlackTeam "USA"]
[WhiteClock "0:00:03"]
[BlackClock "0:00:02"]

1. d4 Nf6 2. c4 e5 3. dxe5 Ng4 4. e3 Nxe5 5. Nh3 a5 6. Nf4 Na6 7. Be2 g6 8. O-O Bg7 9. Nc3 O-O 10. Qd2 Nc5 11. b3 d6 12. Bb2 Bf5 13. Ncd5 Ne4 14. Qc1 c6 15. Nc3 Qh4 16. f3 Nxc3 17. Bxc3 Rfe8 18. Qb2 a4 19. Rad1 axb3 20. axb3 Qe7 21. Kh1 h5 22. e4 Bc8 23. Nd3 h4 24. f4 Nxd3 25. Bxd3 Bxc3 26. Qxc3 Bg4 27. Rd2 h3 28. g3 d5 29. e5 Qc5 30. Rdf2 Qe3 31. Qc2 Ra2 32. Qxa2 Qxd3 33. Qc2 dxc4 34. bxc4 Qe3 35. Qd2 Qe4+ 36. Kg1 Bf5 37. Rc1 c5 38. Re2 Qf3 39. Re3 Qh5 40. Qd6 Ra8 41. Qd2 Qg4 42. Qe2 Qxe2 43. Rxe2 Ra3 44. Kf2 Bd3 45. Rb2 Ra4 46. Ke3 Bxc4 47. Rxb7 Be6 48. Rb2 Ra3+ 49. Kd2 c4 50. Rc3 Ra1 51. Ke3 Rh1 52. Kd4 Kg7 53. Kc5 Rd1 54. Rf2 Rg1 55. Rcc2 Re1 56. Kd6 Rd1+ 57. Kc5 Rd8 58. Kb4 Rb8+ 59. Kc3 Rb3+ 60. Kd4 Rd3+ 61. Kc5 Rd8 62. Rfd2 Rc8+ 63. Kd6 c3 64. Rd3 Bf5 65. Rdxc3 Rd8+ 66. Ke7 Rd7+ 67. Ke8 Ra7 68. Rb2 Ra1 69. Kd8 Rg1 70. Re3 Be6 71. Ree2 Rd1+ 72. Red2 Rg1 73. Ke7 Ra1 74. Kd6 Ra6+ 75. Kc5 Ra5+ 76. Kd4 Ra4+ 77. Ke3 Ra3+ 78. Kf2 Ra1 79. Re2 Rh1 80. Ke3 Bg4 81. Rf2 Re1+ 82. Kd4 Rd1+ 83. Rbd2 Ra1 84. Kd5 Be6+ 85. Ke4 Ra6 86. Kf3 Ra3+ 87. Ke4 Bf5+ 88. Kd4 Ra4+ 89. Kc5 Ra5+ 90. Kd6 Ra6+ 91. Ke7 Ra7+ 92. Ke8 Be6 93. Rd8 Bf5 94. Rfd2 Be6 95. Rb8 Bc4 96. Rb6 Ra5 97. Rf6 Bb5+ 98. Ke7 Ra7+ 99. Kd8 Ra8+ 100. Kc7 Bc4 101. f5 g5 102. Rd7 Ra7+ 103. Kd6 Ra6+ 104. Ke7 Ra8 105. e6 Re8+ 106. Kxe8 Kxf6 107. Rxf7+ 1-0

[Event "January 9 Early 2024"]
[Site "https://www.chess.com"]
[Date "2024.01.11"]
[Round "1"]
[White "Kukhmazov, Arsen"]
[Black "Delorme, Axel"]
[Result "1-0"]
[Board "326"]
[TimeControl "180+1"]
[WhiteFideId "24108260"]
[BlackFideId "632023"]
[WhiteElo "2916"]
[BlackElo "2490"]
[WhiteTeam "FID"]
[BlackTeam "FRA"]
[WhiteClock "0:00:13"]
[BlackClock "0:00:06"]

1. d4 d5 2. c4 e6 3. Nf3 c6 4. Qc2 dxc4 5. Qxc4 b5 6. Qc2 Bb7 7. g3 Nd7 8. Bg2 c5 9. dxc5 Bxc5 10. O-O Ngf6 11. Nc3 Rc8 12. Qd3 a6 13. Rd1 Qb6 14. e3 O-O 15. a4 b4 16. a5 Qa7 17. Na4 Be4 18. Qe2 Be7 19. Bd2 Rc2 20. Nd4 Rc7 21. Bxe4 Nxe4 22. Qf3 Ndc5 23. Nxc5 Nxd2 24. Rxd2 Rxc5 25. Rad1 Bf6 26. Nb3 Rc7 27. Qf4 Qb7 28. Rd6 Bxb2 29. Rb6 Qc8 30. Qxb4 h6 31. Qd6 Bf6 32. Qb4 Rc4 33. Qe1 Rd8 34. Rb1 Rc2 35. Qf1 Rc4 36. Qe2 g6 37. h4 h5 38. Kg2 Kg7 39. Qf3 Rc2 40. Qe4 Rd5 41. Rf1 Rc4 42. Qf3 Rf5 43. Qe2 Rc2 44. Qxa6 Qd7 45. Rd6 Qc7 46. Qd3 Qb7+ 47. e4 Rb2 48. Rd7 Rxb3 49. Rxb7 Rxd3 50. exf5 exf5 51. a6 Ra3 52. Rb6 Bd4 53. Rc6 Ra2 54. Kf3 Ba7 55. Kg2 Bd4 56. Kf3 Ba7 57. Rd6 Bc5 58. Rd5 Ba7 59. Rd7 Rxa6 60. Ke2 Bc5 61. Rd2 Re6+ 62. Kf3 Bb4 63. Rc2 Bd6 64. Rd1 Be7 65. Rd7 Kf6 66. Rcc7 Re4 67. Kg2 Re6 68. Rb7 Re4 69. f3 Re6 70. Kf2 Bc5+ 71. Kf1 Re7 72. Rxe7 Bxe7 73. Rb6+ Kg7 74. Ke2 Bf6 75. Rc6 Be5 76. Kf2 f4 77. g4 hxg4 78. fxg4 Bd4+ 79. Kf3 Be3 80. g5 Kg8 81. Ke4 Bf2 82. Kxf4 Bxh4 83. Ra6 Kg7 84. Ra2 f6 85. Ra7+ Kg8 86. gxf6 Bxf6 87. Rb7 Kf8 88. Ke4 Kg8 89. Kd5 Kf8 90. Ke6 Bh4 91. Rh7 Bg5 92. Rb7 Kg8 93. Rb8+ Kg7 94. Rb7+ Kg8 95. Rd7 Kf8 96. Ke5 Kg8 97. Rb7 Kf8 98. Kd6 Kg8 99. Kd5 Kf8 100. Ke4 Kg8 101. Rb5 Bf6 102. Rb7 Kf8 103. Kf4 Kg8 104. Ke3 Kf8 105. Rd7 Kg8 106. Ke4 Kf8 107. Kd5 Kg8 108. Ke6 Bh4 109. Rf7 Bg5 110. Rf3 Kg7 111. Rg3 Bf4 112. Rg4 Be3 113. Ke7 Bd2 114. Rg2 Be3 115. Ke6 Bc5 116. Kd5 Be3 117. Ke4 Bc5 118. Kf4 Bd6+ 119. Kg4 Be7 120. Re2 Bf6 121. Re6 Kf7 122. Ra6 Be5 123. Kg5 Bd4 124. Rxg6 Ke7 125. Kf5 Kd7 126. Re6 Kc7 127. Ke4 Bc5 128. Kd5 Bg1 129. Re7+ Kb6 130. Rg7 Bf2 131. Rf7 Be3 132. Rf8 Kb5 133. Rb8+ Bb6 134. Rb7 Ka6 135. Kc6 Bf2 136. Rb2 Ka5 137. Rxf2 1-0

[Event "January 9 Early 2024"]
[Site "https://www.chess.com"]
[Date "2024.01.11"]
[Round "2"]
[White "Kadric, Denis"]
[Black "Coca Cubillos, Jesus Alberto"]
[Result "1-0"]
[Board "1"]
[TimeControl "180+1"]
[WhiteFideId "14403803"]
[BlackFideId "4462912"]
[WhiteElo "2906"]
[BlackElo "2595"]
[WhiteTeam "MNE"]
[BlackTeam "COL"]
[WhiteClock "0:02:17"]
[BlackClock "0:02:58"]

1. e4 g6 2. d4 Bg7 3. Nc3 d6 4. f4 Nh6 5. Nf3 O-O 6. Be2 f6 7. Be3 e6 8. h4 Nc6 9. h5 Ng4 10. Bg1 e5 11. hxg6 hxg6 12. Bc4+ Rf7 13. dxe5 fxe5 14. Ng5 1-0

[Event "January 9 Early 2024"]
[Site "https://www.chess.com"]
[Date "2024.01.11"]
[Round "2"]
[White "Kiselev, Pavel"]
[Black "Omelja, Artem"]
[Result "0-1"]
[Board "2"]
[TimeControl "180+1"]
[WhiteFideId "4191102"]
[BlackFideId "14119846"]
[WhiteElo "2368"]
[BlackElo "2625"]
[WhiteTeam "RUS"]
[BlackTeam "UKR"]
[WhiteClock "0:02:09"]
[BlackClock "0:02:50"]

1. Nf3 Nf6 2. d4 d5 3. c4 e6 4. g3 dxc4 5. Qc2 b5 6. a4 c6 7. Bg2 Bb7 8. O-O a6 9. b3 cxb3 10. Qxb3 Nbd7 11. Bg5 Be7 12. Nc3 O-O 13. e4 b4 14. e5 Nd5 15. Nxd5 cxd5 16. Qxb4 Bxb4 17. Bxd8 Rfxd8 18. Rab1 a5 0-1

[Event "January 9 Early 2024"]
[Site "https://www.chess.com"]
[Date "2024.01.11"]
[Round "2"]
[White "Smirnov, Timofey"]
[Black "Bolat, Inayat"]
[Result "0-1"]
[Board "3"]
[TimeControl "180+1"]
[WhiteFideId "24176427"]
[BlackFideId "13733125"]
[WhiteElo "1995"]
[BlackElo "2436"]
[WhiteTeam "RUS"]
[BlackTeam "KAZ"]
[WhiteClock "0:02:20"]
[BlackClock "0:02:29"]

1. d4 Nf6 2. Bf4 g6 3. Nc3 d5 4. e3 Bg7 5. h4 h5 6. Nf3 O-O 7. Qd2 c5 8. dxc5 Ne4 9. Nxe4 dxe4 10. Qxd8 Rxd8 11. Nd2 Bxb2 12. Rb1 Bc3 13. Rb3 Bxd2+ 14. Ke2 Be6 15. Rxb7 Bc4+ 0-1

[Event "January 9 Early 2024"]
[Site "https://www.chess.com"]
[Date "2024.01.11"]
[Round "2"]
[White "Bacrot, Etienne"]
[Black "Krutko, Anatoly"]
[Result "1-0"]
[Board "4"]
[TimeControl "180+1"]
[WhiteFideId "605506"]
[BlackFideId "4185862"]
[WhiteElo "2845"]
[BlackElo "2555"]
[WhiteTeam "FRA"]
[BlackTeam "RUS"]
[WhiteClock "0:01:43"]
[BlackClock "0:02:43"]

1. e4 e5 2. Nf3 Nc6 3. Bb5 a6 4. Ba4 Nf6 5. O-O b5 6. Bb3 Be7 7. Re1 O-O 8. c3 d5 9. exd5 Nxd5 10. Nxe5 Nxe5 11. Rxe5 c6 12. d4 Bd6 13. Re1 Qh4 14. g3 Qh3 15. Qf3 Bg4 16. Qg2 Qh5 17. Nd2 Rfe8 18. Re4 Bf3 19. Qxf3 Qxf3 20. Rxe8+ Rxe8 21. Nxf3 1-0

[Event "January 9 Early 2024"]
[Site "https://www.chess.com"]
[Date "2024.01.11"]
[Round "2"]
[White "Viasus, Juan Diego"]
[Black "Krstulovic, Alex"]
[Result "0-1"]
[Board "5"]
[TimeControl "180+1"]
[WhiteFideId "4464346"]
[BlackFideId "760056"]
[WhiteElo "1421"]
[BlackElo "2683"]
[WhiteTeam "COL"]
[BlackTeam "HUN"]
[WhiteClock "0:01:36"]
[BlackClock "0:02:33"]

1. Nf3 d5 2. g3 Nc6 3. d4 Bf5 4. Bg2 Nb4 5. Na3 e6 6. c3 Nc6 7. O-O Be7 8. Bf4 g5 9. Bd2 h5 10. Re1 Be4 11. Ne5 Bxg2 12. Kxg2 f5 13. Nxc6 bxc6 14. f3 g4 15. f4 Nf6 16. e3 Ne4 17. Nc2 Rb8 18. b4 h4 19. Qe2 hxg3 20. hxg3 Rh3 21. Rh1 Nxg3 22. Qa6 Rb6 23. Qxa7 Nxh1 0-1

[Event "January 9 Early 2024"]
[Site "https://www.chess.com"]
[Date "2024.01.11"]
[Round "2"]
[White "Fernandez Siles, Luis"]
[Black "Korchmar, Vasiliy"]
[Result "0-1"]
[Board "9"]
[TimeControl "180+1"]
[WhiteFideId "2209420"]
[BlackFideId "24131750"]
[WhiteElo "2294"]
[BlackElo "2716"]
[WhiteTeam "ESP"]
[BlackTeam "RUS"]
[WhiteClock "0:01:04"]
[BlackClock "0:02:00"]

1. e4 c5 2. Nf3 d6 3. Bb5+ Bd7 4. Bxd7+ Nxd7 5. O-O Ngf6 6. Re1 e6 7. b3 g6 8. Bb2 Bg7 9. c4 O-O 10. d4 cxd4 11. Nxd4 d5 12. cxd5 exd5 13. e5 Ne4 14. f4 Rc8 15. e6 fxe6 16. Nd2 Ndc5 17. Rc1 Qb6 18. Nxe4 Nxe4 19. Rxc8 Rxc8 20. Re2 Bxd4+ 21. Bxd4 Qxd4+ 22. Qxd4 Rc1+ 23. Re1 Rxe1# 0-1

[Event "January 9 Early 2024"]
[Site "https://www.chess.com"]
[Date "2024.01.11"]
[Round "2"]
[White "Erzhanov, Arman"]
[Black "Silvestre, Christian"]
[Result "1-0"]
[Board "10"]
[TimeControl "180+1"]
[WhiteFideId "4138821"]
[BlackFideId "30956269"]
[WhiteElo "2517"]
[BlackElo "2289"]
[WhiteTeam "KAZ"]
[BlackTeam "USA"]
[WhiteClock "0:01:48"]
[BlackClock "0:01:19"]

1. e4 c5 2. Nf3 d6 3. d4 cxd4 4. Qxd4 Nc6 5. Qe3 Nf6 6. h3 e5 7. Bc4 Be7 8. O-O O-O 9. Nc3 h6 10. Rd1 Be6 11. Bb3 a6 12. Nd2 Nd7 13. Nc4 Nd4 14. Qd2 Bg5 15. Ne3 Bxb3 16. axb3 Nc5 17. f3 Qf6 18. Qf2 Bf4 19. Ncd5 Qg5 20. Nxf4 Qxf4 21. Nf5 Nxe4 22. fxe4 Qxe4 23. Nxd4 exd4 24. Rxd4 Qe5 25. Bf4 Qc5 26. Bxd6 1-0

[Event "January 9 Early 2024"]
[Site "https://www.chess.com"]
[Date "2024.01.11"]
[Round "2"]
[White "Baziuk, Vladyslav"]
[Black "Acosta Cruz, Oscar Yosimar"]
[Result "1-0"]
[Board "11"]
[TimeControl "180+1"]
[WhiteFideId "34107940"]
[BlackFideId "5111269"]
[WhiteElo "2706"]
[BlackElo "2187"]
[WhiteTeam "UKR"]
[BlackTeam "MEX"]
[WhiteClock "0:01:55"]
[BlackClock "0:01:12"]

1. e4 c5 2. Nf3 Nc6 3. Bb5 g6 4. Bxc6 bxc6 5. O-O Rb8 6. c3 Bg7 7. d4 cxd4 8. cxd4 d6 9. h3 Nf6 10. Nc3 O-O 11. Qc2 Nd7 12. Be3 Qa5 13. Rfd1 h6 14. Rac1 c5 15. Nd5 Re8 16. b3 Bb7 17. dxc5 Nxc5 18. b4 Qa4 19. bxc5 Qxc2 20. Rxc2 dxc5 21. Rxc5 e6 22. Nc3 Bxc3 23. Rxc3 Bxe4 24. Bxh6 Bxf3 25. Rxf3 Rb2 26. Rd7 f5 27. Rg3 1-0

[Event "January 9 Early 2024"]
[Site "https://www.chess.com"]
[Date "2024.01.11"]
[Round "2"]
[White "Senthilkumar, Pranav"]
[Black "Essing, Arnold"]
[Result "0-1"]
[Board "12"]
[TimeControl "180+1"]
[WhiteFideId "2083477"]
[BlackFideId "4619862"]
[WhiteElo "2487"]
[BlackElo "2272"]
[WhiteTeam "USA"]
[BlackTeam "GER"]
[WhiteClock "0:01:02"]
[BlackClock "0:01:44"]

1. Nf3 d5 2. b3 c5 3. Bb2 Nc6 4. e3 Bg4 5. Bb5 Nf6 6. h3 Bh5 7. g4 Bg6 8. Ne5 Qc7 9. h4 e6 10. h5 Be4 11. f3 d4 12. exd4 cxd4 13. Bxd4 O-O-O 14. Nxc6 Bxc6 15. Bxc6 Rxd4 16. Bb5 Qg3+ 17. Kf1 Rf4 18. Be2 Nxg4 19. Qe1 Rxf3+ 20. Bxf3 Qxf3+ 21. Kg1 Bc5+ 0-1

[Event "January 9 Early 2024"]
[Site "https://www.chess.com"]
[Date "2024.01.11"]
[Round "2"]
[White "Sokolovsky, Yahli"]
[Black "Krivenko, Dion"]
[Result "1-0"]
[Board "13"]
[TimeControl "180+1"]
[WhiteFideId "2820242"]
[BlackFideId "4508378"]
[WhiteElo "2762"]
[BlackElo "2454"]
[WhiteTeam "ISR"]
[BlackTeam "EST"]
[WhiteClock "0:01:19"]
[BlackClock "0:01:26"]

1. b3 e5 2. Bb2 Nc6 3. e3 g6 4. d4 exd4 5. Nf3 Bg7 6. Nxd4 Nf6 7. Nxc6 bxc6 8. Be2 O-O 9. O-O d5 10. c4 Be6 11. Nd2 a5 12. a3 Qe7 13. Qc2 Rfb8 14. Rfc1 Bf5 15. Qd1 Be6 16. Qc2 Bf5 17. Bd3 Be6 18. cxd5 Bxd5 19. e4 Be6 20. Qxc6 Bxb3 21. Nxb3 Rxb3 22. Qxa8+ 1-0

[Event "January 9 Early 2024"]
[Site "https://www.chess.com"]
[Date "2024.01.11"]
[Round "2"]
[White "Tatarinov, Dmitry"]
[Black "Can, Melih Kaan"]
[Result "1-0"]
[Board "14"]
[TimeControl "180+1"]
[WhiteFideId "24160067"]
[BlackFideId "6317383"]
[WhiteElo "2750"]
[BlackElo "2389"]
[WhiteTeam "RUS"]
[BlackTeam "TUR"]
[WhiteClock "0:01:55"]
[BlackClock "0:01:13"]

1. Nf3 Nf6 2. c4 g6 3. d4 Bg7 4. g3 O-O 5. Bg2 d5 6. cxd5 Nxd5 7. O-O Nc6 8. e3 b6 9. Qa4 Bb7 10. Rd1 e6 11. e4 Nf6 12. Nc3 Qe7 13. e5 Nd7 14. d5 exd5 15. Nxd5 Qd8 16. Bg5 Qc8 17. Rac1 Ndxe5 18. Nxe5 Bxe5 19. Rxc6 Bxc6 20. Qxc6 Qg4 21. Qc1 Bxb2 22. Nf6+ Bxf6 23. Bxf6 Rfe8 24. Bxa8 Rxa8 25. Re1 Qf5 26. Bb2 Rd8 27. Qxc7 Rd7 28. Qc8+ 1-0

[Event "January 9 Early 2024"]
[Site "https://www.chess.com"]
[Date "2024.01.11"]
[Round "2"]
[White "Van Kooten, Luuk"]
[Black "Shuvalov, Evgenij"]
[Result "0-1"]
[Board "15"]
[TimeControl "180+1"]
[WhiteFideId "1006533"]
[BlackFideId "4187237"]
[WhiteElo "2277"]
[BlackElo "2514"]
[WhiteTeam "NED"]
[BlackTeam "FID"]
[WhiteClock "0:01:31"]
[BlackClock "0:01:17"]

1. d4 Nf6 2. c4 g6 3. Nc3 d5 4. Nf3 Bg7 5. Qb3 dxc4 6. Qxc4 O-O 7. e4 Nc6 8. Be2 e5 9. d5 Nd4 10. Nxd4 exd4 11. Qxd4 c6 12. Qc4 b5 13. Qxc6 Bd7 14. Qd6 Re8 15. f3 Nh5 16. O-O Bf8 17. Qa6 Bc5+ 18. Kh1 Qh4 19. g4 Ng3+ 20. Kg2 Nxf1 21. Bxf1 Qf2+ 22. Kh3 Qxf1+ 23. Kh4 Re5 24. Bg5 Bf2# 0-1